 Dungeon Crawl Stone Soup version 0.28.0-47-ge53b351184 (webtiles) character file.

Game seed: 7885348668563920236

5320 Rolf the Sneak (level 10, -17/81 HPs)
             Began as a White Draconian Brigand on May 2, 2022.
             Was a Believer of Fedhas.
             Demolished by an orc warlord
             ... wielding a +0 war axe
              (21 damage)
             ... in a bailey.
             The game lasted 00:59:14 (9606 turns).

Rolf the Sneak (White Draconian Brigand)            Turns: 9606, Time: 00:59:14

Health: -17/81     AC: 10    Str: 19    XL:     10   Next: 38%
Magic:  15/15      EV: 13    Int: 15    God:    Fedhas [**....]
Gold:   507        SH:  0    Dex: 14    Spells: 5/16 levels left

rFire   . . .      SeeInvis .   s - +5 hand axe "Wodol" {flame, Will++}
rCold   + + .      Faith    .   x - orb {light}
rNeg    . . .      Spirit   .   (armour unavailable)
rPois   .          Reflect  .   (helmet restricted)
rElec   .          Harm     .   b - +2 cloak
rCorr   .          Rampage  .   (no gloves)
Will    ++...                   (no boots)
Stlth   ++........              (no amulet)
HPRegen 0.23/turn               q - ring of protection from cold
MPRegen 0.14/turn               o - +6 ring of strength

@: short of breath, glowing
A: breathe frost, AC +7, unfitting armour, cold resistance 1, cold-blooded
a: Breathe Frost, Renounce Religion, Wall of Briars


You were in a bailey.
You worshipped Fedhas.
Fedhas was pleased with you.
You visited 2 branches of the dungeon, and saw 11 of its levels.
You also visited: Bailey.

You collected 507 gold pieces.

Inventory:

Hand Weapons
 s - the +5 hand axe "Wodol" (weapon) {flame, Will++}
   (You found it on level 6 of the Dungeon)

   It burns those it strikes, dealing additional fire damage.
   Big, fiery blades are also staple armaments of hydra-hunters.
   Will:      It greatly increases your willpower.
Missiles
 a - a throwing net
 d - 2 curare-tipped darts (quivered)
 h - 6 silver javelins
 k - 18 poisoned darts
 y - 16 boomerangs
Armour
 b - a +2 cloak (worn)
 x - an orb of light (worn)
Jewellery
 j - a ring of flight
 m - a ring of resist corrosion
 o - a +6 ring of strength (right hand)
 q - a ring of protection from cold (left hand)
 t - a ring of protection from cold
 v - a ring of poison resistance
Wands
 n - a wand of mindburst (2)
Scrolls
 e - 3 scrolls of fog
 i - 2 scrolls of teleportation
 l - 2 scrolls of enchant weapon
 p - a scroll of noise
 u - 3 scrolls of fear {unknown}
 w - a scroll of blinking {unknown}
 z - a scroll of magic mapping {unknown}
Potions
 c - 2 potions of curing {unknown}
 f - a potion of brilliance
 g - a potion of degeneration {unknown}
 A - a potion of heal wounds {unknown}


   Skills:
 * Level 5.0 Fighting
 * Level 5.9(6.4) Short Blades
 * Level 3.3(5.1) Long Blades
 * Level 2.6 Axes
 * Level 4.2 Throwing
 * Level 4.0 Dodging
 * Level 6.5 Stealth
 * Level 3.5 Spellcasting
 * Level 2.6 Conjurations
 * Level 3.5 Transmutations
 * Level 2.8 Fire Magic
 * Level 1.9 Ice Magic
 * Level 2.6 Air Magic
 * Level 3.3 Poison Magic
 * Level 2.1 Invocations
 * Level 3.6 Evocations


You had 5 spell levels left.
You knew the following spells:

 Your Spells              Type           Power      Damage    Failure   Level
a - Ignite Poison         Fire/Tmut/Pois 12%        N/A       16%         3
b - Mephitic Cloud        Conj/Pois/Air  11%        N/A       17%         3
c - Freezing Cloud        Conj/Ice/Air   4%         6-21      89%         5

Your spell library contained the following spells:

 Spells                   Type           Power      Damage    Failure   Level


Dungeon Overview and Level Annotations

Branches:
Dungeon (10/15)            Temple (1/1) D:7          Bailey (1/1)
   Lair: D:8-11         Orc: D:9-12

Altars:
Ashenzari
Cheibriados
Dithmenos
Elyvilon
Fedhas
Gozag
Hepliaklqana
Kikubaaqudgha
Nemelex Xobeh
Uskayaw
Vehumet
The Shining One


Innate Abilities, Weirdness & Mutations

You can breathe waves of freezing cold which knock back foes.
Your icy white scales are hard. (AC +7)
You cannot fit into any form of body armour.
Your flesh is cold resistant. (rC+)
You are cold-blooded and may be slowed by cold attacks.


Message History

Press: ? - help, Shift-Dir - straight line, f/p - orc warlord
Aim: an orc warlord, wielding a +0 war axe and wearing a +0 scale mail (heavily wounded, slow, haloed, chance to affect: 45%)
The orc warlord resists with some effort.
Aiming: Mindburst
Press: ? - help, Shift-Dir - straight line, f/p - orc warlord
Aim: an orc warlord, wielding a +0 war axe and wearing a +0 scale mail (heavily wounded, slow, haloed, chance to affect: 45%)
The orc warlord resists with some effort.
You hit the orc warlord. You burn the orc warlord.
The orc warlord is heavily wounded.
The orc warlord splashes around in the water.
You hit the orc warlord but do no damage.
The orc warlord is heavily wounded.
The orc warlord is no longer moving slowly.
The orc warlord hits you with a +0 war axe.
As you read the scroll of teleportation, it crumbles to dust.
You feel strangely unstable.
The orc warlord hits you with a +0 war axe!
Your surroundings seem slightly different.
The orc warlord completely misses you.
You hit the orc warlord. You burn the orc warlord.
You tail-slap the orc warlord, but do no damage.
The orc warlord is heavily wounded.
The orc warlord hits you with a +0 war axe!!
You have got your breath back.
Aiming: Breathe Frost (3% risk of failure)
Press: ? - help, Shift-Dir - straight line, f/p - orc warlord
Aim: an orc warlord, wielding a +0 war axe and wearing a +0 scale mail (heavily wounded, haloed, 82% to hit)
You exhale a wave of freezing cold.
The freezing breath hits the orc warlord!
The orc warlord is severely wounded.
The orc warlord is blown backwards by the freezing wind.
Aiming: Mindburst
Press: ? - help, Shift-Dir - straight line, f/p - orc warlord
Aim: an orc warlord, wielding a +0 war axe and wearing a +0 scale mail (severely wounded, haloed, chance to affect: 45%)
The orc warlord's mind is blasted!!
The orc warlord hits you with a +0 war axe!!
* * * LOW HITPOINT WARNING * * *
The orc warlord hits you with a +0 war axe!!
You die...
Fedhas appreciates your contribution to the ecosystem.

#)..##≈8.8...8.8##..)
##....#≈........?o#...
##.....#≈≈#≈.....|≈#...
##......####≈≈≈#≈≈≈##...
#...8......#########....
#......)...'.....)..).8.
#..........#≈≈≈≈≈#......
##..8.o8...#≈≈≈≈≈#......
##....@..##≈≈≈≈≈##...8.
##.....##.......##....
##...##.........##...
#####♣♣♣.....♣♣♣ ###
♣♣♣∩♣♣♣ ♣♣♣


You could see an orc warlord.

Vanquished Creatures
  Harold (D:7)
  A cyclops (D:8)
  A troll (D:8)
  A hornet (D:9)
  2 steam dragons
  2 hornet zombies
  2 ice beasts (D:8)
  A sky beast (D:5)
  8 orc warriors
  4 ogres
  5 centaurs
  A phantom (D:3)
  3 kobold brigands
  2 bullfrogs
  3 scorpions
  3 wyvern skeletons
  3 wights (D:9)
  A howler monkey (D:4)
  4 orc priests
  2 bullfrog zombies (D:5)
  3 centaur zombies
  A hound (D:6)
  A jelly (D:5)
  A bullfrog skeleton (D:5)
  3 iguanas
  5 orc wizards
  A killer bee zombie (D:8)
  A hound skeleton (D:5)
  A gnoll (D:1)
  7 adders
  A white imp (D:8)
  35 orcs
  8 ball pythons
  7 endoplasms
  3 giant cockroaches (D:1)
  9 goblins
  12 hobgoblins
  4 jackals (D:1)
  29 kobolds
  7 quokkas
  7 bats
  2 frilled lizards (D:2)
198 creatures vanquished.

Notes
Turn   | Place    | Note
-------+----------+-------------------------------------------
     0 | D:1      | Rolf the Draconian Brigand began the quest for the Orb.
     0 | D:1      | Reached XP level 1. HP: 17/17 MP: 1/1
    55 | D:1      | Reached skill level 1 in Dodging
    93 | D:1      | Reached XP level 2. HP: 24/24 MP: 2/2
   130 | D:1      | Reached skill level 4 in Stealth
   432 | D:1      | Reached XP level 3. HP: 29/30 MP: 3/3
  1082 | D:1      | You fall into a shaft and drop 1 floor!
  1506 | D:2      | Reached XP level 4. HP: 28/37 MP: 4/4
  1548 | D:2      | Learned a level 3 spell: Ignite Poison
  1864 | D:3      | Noticed a phantom
  2032 | D:3      | Killed a phantom
  2033 | D:3      | Reached XP level 5. HP: 15/42 MP: 4/6
  2159 | D:3      | Found a hide-covered altar of Uskayaw.
  2592 | D:4      | Reached skill level 1 in Spellcasting
  2592 | D:4      | Reached skill level 1 in Evocations
  2617 | D:4      | Reached XP level 6. HP: 42/50 MP: 7/7
  2672 | D:4      | Reached skill level 1 in Transmutations
  2672 | D:4      | Reached skill level 1 in Fire Magic
  2672 | D:4      | Reached skill level 1 in Poison Magic
  2678 | D:4      | Learned a level 3 spell: Mephitic Cloud
  2814 | D:4      | HP: 2/51 [hornet zombie (10)]
  2828 | D:4      | Reached skill level 1 in Long Blades
  2828 | D:4      | Your scales start taking on an icy white colour.
  2828 | D:4      | Reached XP level 7. HP: 4/57 MP: 9/9
  2828 | D:4      | Gained mutation: Your flesh is cold resistant. (rC+) [White
                  | Draconian growth]
  3497 | D:5      | Entered Level 5 of the Dungeon
  3658 | D:5      | Reached skill level 5 in Stealth
  4400 | D:6      | Reached XP level 8. HP: 62/63 MP: 6/11
  4613 | D:6      | Identified the +5 hand axe "Wodol" {flame, Will++}
  5067 | D:7      | Reached skill level 5 in Short Blades
  5291 | D:7      | Noticed Harold
  5301 | D:7      | Killed Harold
  5302 | D:7      | Reached skill level 1 in Axes
  5302 | D:7      | Reached skill level 6 in Stealth
  5302 | D:7      | Reached skill level 1 in Conjurations
  5302 | D:7      | Reached skill level 1 in Air Magic
  5302 | D:7      | Reached XP level 9. HP: 69/71 MP: 2/12
  5383 | D:7      | Found a staircase to the Ecumenical Temple.
  5443 | Temple   | Entered the Ecumenical Temple
  5494 | Temple   | Became a worshipper of Fedhas Madash
  5954 | D:7      | Found a snail-covered altar of Cheibriados.
  6378 | D:8      | Noticed a troll
  6381 | D:8      | Killed a troll
  6400 | D:8      | Reached skill level 1 in Invocations
  6414 | D:8      | Learned a level 5 spell: Freezing Cloud
  6423 | D:8      | Noticed a cyclops
  7378 | D:8      | Reached * piety under Fedhas
  7550 | D:8      | Killed a cyclops
  7551 | D:8      | Reached skill level 1 in Ice Magic
  7551 | D:8      | Reached XP level 10. HP: 80/80 MP: 10/14
  9019 | D:10     | Entered Level 10 of the Dungeon
  9036 | D:10     | Found a flagged portal.
  9065 | Bailey   | Entered a bailey
  9076 | Bailey   | Noticed an orc warlord
  9133 | Bailey   | Reached ** piety under Fedhas
  9355 | Bailey   | Found a runed translucent gate.
  9355 | Bailey   | Found a runed translucent gate.
  9373 | Bailey   | Found a runed translucent gate.
  9583 | Bailey   | Reached skill level 5 in Fighting
  9604 | Bailey   | HP: 3/81 [orc warlord/+0 war axe (34)]
  9606 | Bailey   | Demolished by an orc warlord

Illustrated notes

Levels and vault maps discovered:
D:1:      dpeg_arrival_round_a, layout_loops_cross
D:2:      layout_rooms, minmay_tromino_i4
D:3:      layout_rooms, mainiacjoe_overflow_six_doors_small,
          minmay_misc_feat_hallway, grunt_ministairs_1, interstate_on_off,
          amcnicky_mini_pool_small
D:4:      layout_loops_cross
D:5:      layout_cave_pods
D:6:      layout_loops_cross
D:7:      layout_basic, mainiacjoe_overflow_brackets, minmay_temple_entry_waves,
          kennysheep_donut, uniq_harold
D:8:      layout_basic, kennysheep_generic_room_4
D:9:      layout_roguey
D:10:     layout_loops_ring, nicolae_overflow_hidden_temple,
          gammafunk_temple_overflow_forgotten, enter_bailey_4, grunt_tough_drop
Temple:   eino_temple_rhombus
Bailey:   bailey_axe_bossmonster_kennysheep, bailey

Skill      XL: |  1  2  3  4  5  6  7  8  9 10 |
---------------+-------------------------------+-----
Dodging        | 1 2 3 4 |  4.0
Stealth        | 4 5 6 |  6.5
Throwing       | 2 3 4 |  4.2
Short Blades   | 3 4 5 |  5.9
Spellcasting   | 1 2 3 |  3.5
Evocations     | 1 2 3 |  3.6
Fighting       | 3 4 5 |  5.0
Transmutations | 1 2 3 |  3.5
Fire Magic     | 1 2 |  2.8
Poison Magic   | 1 2 3 |  3.3
Long Blades    | 1 2 3 |  3.3
Axes           | 1 2 |  2.6
Conjurations   | 1 2 |  2.6
Air Magic      | 1 2 |  2.6
Invocations    | 1 2 |  2.1
Ice Magic      | 1 |  1.9

Action                   |  1- 3 |  4- 6 |  7- 9 | 10-12 || total
-------------------------+-------+-------+-------+-------++-------
Melee: Dagger            |   130 |   105 |       |       ||   235
       Tailslap          |    14 |    18 |    22 |     3 ||    57
       Punch             |     3 |     1 |     4 |     1 ||     9
       Rapier            |       |    41 |    78 |       ||   119
       Hand axe          |       |       |    74 |    44 ||   118
Throw: Dart              |    25 |     5 |    35 |    29 ||    94
       Javelin           |       |       |     2 |       ||     2
       Throwing net      |       |       |     1 |       ||     1
 Cast: Ignite Poison     |       |       |    17 |    14 ||    31
       Mephitic Cloud    |       |       |     3 |     5 ||     8
 Abil: Breathe Frost     |       |       |    32 |    19 ||    51
Evoke: Wand              |     1 |     7 |    14 |    19 ||    41
  Use: Scroll            |     1 |       |    11 |     1 ||    13
       Potion            |       |     4 |     2 |       ||     6
 Stab: Sleeping          |     5 |     3 |    13 |     2 ||    23
       Paralysed         |       |     5 |       |       ||     5
       Invisible         |       |     1 |     2 |       ||     3
Armor: Skin              |    44 |    33 |    83 |    16 ||   176
Dodge: Dodged            |   100 |    57 |   136 |    38 ||   331
